 Dungeon Crawl Stone Soup version 0.31.0-12-g77e489cdc1 (webtiles) character file.

Game seed: 10287976754631370348

16116 Sandpaper2 the Bludgeoner (level 12, -4/112 HPs)
             Began as a Minotaur Berserker on Feb 15, 2024.
             Was a High Priest of Trog.
             Shot with an arrow by Nessos (16 damage)
             ... on level 3 of the Lair of Beasts.
             The game lasted 01:06:03 (9695 turns).

Sandpaper2 the Bludgeoner (Minotaur Berserker)      Turns: 9695, Time: 01:06:06

Health: -4/112     AC: 12    Str: 35    XL:     12   Next: 7%
Magic:  0/11       EV: 17    Int:  7    God:    Trog [*****.]
Gold:   588        SH:  0    Dex: 16    Spells: 11/11 levels left

rFire   . . .        p - +10 flail "Ufefue Weho" {freeze, rElec Str+8 Int+3}
rCold   . . .        (no shield)
rNeg    . . .        x - +0 plate armour
rPois   .            (helmet restricted)
rElec   +            H - +0 cloak
rCorr   .            g - +0 pair of gloves
SInv    .            (no boots)
Will    .....        i - amulet of guardian spirit Stlth
                     e - +6 ring of dexterity
HPRegen 0.00/turn    f - +5 ring of evasion
MPRegen 0.12/turn

%: guardian spirit
@: confused, lethally poisoned (-4 -> -36), ambrosia-drunk, corroded, inhibited
regen
A: horns 2, retaliatory headbutt, iridescent scales 1, inhibited regeneration
a: Renounce Religion, Berserk, Trog's Hand, Brothers in Arms


You were on level 3 of the Lair of Beasts.
You worshipped Trog.
Trog was extremely pleased with you.
You visited 2 branches of the dungeon, and saw 11 of its levels.

You collected 588 gold pieces.

Inventory:

Hand Weapons
 j - a +0 halberd
 l - a +7 war axe
 p - the +10 flail "Ufefue Weho" (weapon) {freeze, rElec Str+8 Int+3}
   (You found it on level 5 of the Dungeon)

   Str+8:     It affects your strength (+8).
   Int+3:     It affects your intelligence (+3).
   rElec:     It insulates you from electricity.
 s - a +1 battleaxe of freezing
 D - a +2 morningstar of pain
Missiles
 c - 90 stones
 h - 37 poisoned darts
 A - a curare-tipped dart (quivered)
Armour
 g - a +0 pair of gloves (worn)
 r - a +2 ring mail of fire resistance
 u - a +0 chain mail
 v - +0 steam dragon scales
 x - a +0 plate armour (worn)
 H - a +0 cloak (worn)
Jewellery
 e - a +6 ring of dexterity (left hand)
 f - a +5 ring of evasion (right hand)
 i - an amulet of guardian spirit (around neck)
 y - a ring of poison resistance
 z - a ring of see invisible
 C - a ring of flight
Wands
 a - a wand of flame (30)
 d - a wand of iceblast (3)
 n - a wand of charming (8)
 t - a wand of acid (10)
Scrolls
 k - 2 scrolls of noise
 q - a scroll of vulnerability
 B - a scroll of identify
 E - a scroll of enchant armour {unknown}
 F - 2 scrolls of torment
Potions
 b - a potion of attraction
 w - a potion of might
 G - a potion of mutation


   Skills:
 + Level 11.9 Fighting
 + Level 15.0 Maces & Flails
 + Level 3.1 Throwing
 + Level 11.4 Armour
 + Level 7.3 Dodging
 + Level 2.5 Stealth
 + Level 1.2 Evocations


You had 11 spell levels left.
You didn't know any spells.
Your spell library contained the following spells:

 Spells                   Type           Power      Damage    Failure   Level
 Tukima's Dance           Hex            0%         N/A       100%        3
 Dimensional Bullseye     Hex/Tloc       0%         N/A       100%        4
 Iskenderun's Mystic Bla  Conj/Tloc      0%         2d3       100%        4


Dungeon Overview and Level Annotations

Branches:
Dungeon (8/15)             Temple (0/1) D:4            Lair (3/5) D:8
 Shoals (0/4) Lair:2
  Snake: Lair:2-3    Spider: Lair:2-3

Altars:
Cheibriados
Fedhas
Gozag
Hepliaklqana
Qazlal
Ru
Xom
Yredelemnul
Zin

Annotations:
D:7 2 transporters, Rassilon's ghost, novice SpEn
Lair:3 Nessos


Innate Abilities, Weirdness & Mutations

You have a pair of horns on your head.
You reflexively headbutt those who attack you in melee.
You are partially covered in iridescent scales. (AC +2)
You do not regenerate when monsters are visible.


Message History

You hit Nessos. You freeze Nessos. Your headbutt misses Nessos.
Nessos is lightly wounded.
You feel very sick.
A nearby plant withers and dies.
Nessos zaps a wand.
The bolt of acid hits you!
* * * LOW HITPOINT WARNING * * *
You hit Nessos. You freeze Nessos.
Nessos is moderately wounded.
You feel very sick.
Nessos gestures wildly while chanting.
Nessos blinks!
You feel much better.
You feel very sick.
Nessos shoots an arrow.
The arrow hits you. The arrow burns you.
You are more poisoned.
You feel very sick.
Nessos shoots an arrow.
The arrow hits you!
* * * LOW HITPOINT WARNING * * *
The arrow burns you.
You are lethally poisoned!
* * * LOW HITPOINT WARNING * * *
Nessos shoots an arrow.
The arrow hits you!
* * * LOW HITPOINT WARNING * * *
The arrow burns you.
* * * LOW HITPOINT WARNING * * *
You feel much better.
* * * LOW HITPOINT WARNING * * *
You feel extremely sick.
Nessos shoots an arrow.
The arrow hits you.
* * * LOW HITPOINT WARNING * * *
The arrow burns you.
You are more poisoned.
* * * LOW HITPOINT WARNING * * *
You are confused.
You feel invigorated.
* * * LOW HITPOINT WARNING * * *
You feel extremely sick.
Nessos is no longer moving slowly.
Nessos pounds the earth with their hooves.
Nessos shoots an arrow.
The arrow hits you!!
You die... ......P...P.P ..P #... ......PPPPP.PPP.P #..# ......P.........P# #..# ......PPP.PPPPPPP#

##..#
...........##.#..###P<.#
c..........#.##....#...#
.....(..................
........................
.....#.@.......##.###..P
#.. ##...###...### #..#
# #...##...## #..#
#...###...# #..# ##..#
#...# #..# ..)# #...#
#..# #.... #...# ....
#..#


You could see Nessos (fast, poisoned).

Vanquished Creatures
  A catoblepas (Lair:2)
  A two-headed ogre (D:8)
  A skyshark (Lair:1)
  Sonja (Lair:1)
  A merfolk siren (Lair:2)
  An elephant (Lair:1)
  4 cane toads
  11 komodo dragons
  2 rime drakes (Lair:1)
  A troll (D:6)
  2 merfolk (Lair:2)
  A polar bear (Lair:1)
  A hornet (D:8)
  9 blink frogs
  11 yaks
  3 steam dragons
  Edmund (D:4)
  8 water moccasins
  Duvessa (D:4)
  2 sky beasts
  A black bear (D:8)
  2 orc warriors
  2 ice beasts
  3 wolves (Lair:1)
  A phantom (D:4)
  4 kobold brigands
  6 bullfrogs
  A gnoll sergeant (D:8)
  4 scorpions
  Dowan (D:4)
  4 wights (D:6)
  A howler monkey (D:4)
  2 bombardier beetles
  2 orc priests
  A gnoll bouda (D:5)
  3 hounds
  2 sleepcaps (D:7)
  3 iguanas
  2 orc wizards
  14 gnolls
  4 adders
  A shadow imp (D:6)
  A white imp (D:5)
  4 ufetubi
  A dart slug (D:1)
  19 orcs
  3 bats
  5 endoplasms
  5 giant cockroaches
  6 goblins
  3 hobgoblins (D:2)
  4 jackals (D:2)
  6 quokkas
  10 ball pythons
  3 frilled lizards
  24 kobolds
  6 rats
227 creatures vanquished.

Vanquished Creatures (others)
  A sleepcap (D:7)
  2 kobolds (D:7)
3 creatures vanquished.

Grand Total: 230 creatures vanquished

Notes
Turn   | Place    | Note
-------+----------+-------------------------------------------
     0 | D:1      | Sandpaper2 the Minotaur Berserker began the quest for the
                  | Orb.
     0 | D:1      | Reached XP level 1. HP: 19/19 MP: 0/0
   517 | D:1      | Reached XP level 2. HP: 27/27 MP: 1/1
   618 | D:1      | Reached skill level 4 in Maces & Flails
   948 | D:2      | Reached ** piety under Trog
  1191 | D:2      | Reached XP level 3. HP: 31/33 MP: 2/2
  1915 | D:3      | Found a stormy altar of Qazlal.
  2193 | D:3      | Reached XP level 4. HP: 4/41 MP: 1/3
  2426 | D:3      | Found an opulent altar of Gozag.
  2671 | D:4      | Found a staircase to the Ecumenical Temple.
  2710 | D:4      | Noticed a phantom
  2716 | D:4      | Killed a phantom
  2717 | D:4      | Reached skill level 5 in Fighting
  2717 | D:4      | Reached skill level 5 in Maces & Flails
  2717 | D:4      | Reached XP level 5. HP: 46/48 MP: 4/4
  2895 | D:4      | Noticed Duvessa
  2895 | D:4      | Noticed Dowan
  2901 | D:4      | Killed Duvessa
  2902 | D:4      | Reached skill level 6 in Maces & Flails
  2902 | D:4      | Reached XP level 6. HP: 45/56 MP: 3/5
  2908 | D:4      | Killed Dowan
  3059 | D:4      | Reached *** piety under Trog
  3156 | D:4      | Noticed Edmund
  3159 | D:4      | Noticed a sky beast
  3161 | D:4      | Killed Edmund
  3162 | D:4      | Reached skill level 7 in Maces & Flails
  3163 | D:4      | Reached XP level 7. HP: 58/61 MP: 6/6
  3588 | D:5      | Entered Level 5 of the Dungeon
  3601 | D:5      | Reached skill level 8 in Maces & Flails
  3763 | D:5      | Identified the +10 flail "Ufefue Weho" {freeze, rElec Str+8
                  | Int+3}
  4046 | D:5      | Found a sacrificial altar of Ru.
  4128 | D:5      | Reached skill level 5 in Armour
  4205 | D:5      | Reached XP level 8. HP: 71/71 MP: 7/7
  4430 | D:6      | Reached skill level 9 in Maces & Flails
  4436 | D:6      | Reached skill level 5 in Dodging
  4570 | D:6      | Gained mutation: You do not regenerate when monsters are
                  | visible. [potion of mutation]
  4570 | D:6      | Gained mutation: You are partially covered in iridescent
                  | scales. (AC +2) [potion of mutation]
  4654 | D:6      | Found a glowing silver altar of Zin.
  4673 | D:6      | Noticed a troll
  4679 | D:6      | Killed a troll
  4684 | D:6      | Reached **** piety under Trog
  4857 | D:6      | Reached XP level 9. HP: 79/79 MP: 8/8
  5115 | D:7      | Found a basalt altar of Yredelemnul.
  5126 | D:7      | Found a blossoming altar of Fedhas.
  5317 | D:7      | Reached skill level 10 in Maces & Flails
  5349 | D:7      | Found a transporter.
  5350 | D:7      | Noticed Rassilon's ghost (novice SpEn)
  5352 | D:7      | Found a transporter.
  5483 | D:7      | Reached skill level 1 in Stealth
  5723 | D:7      | Found a hazy altar of Hepliaklqana.
  6296 | D:7      | Found a shimmering altar of Xom.
  6375 | D:8      | Noticed a two-headed ogre
  6383 | D:8      | Killed a two-headed ogre
  6384 | D:8      | Reached skill level 11 in Maces & Flails
  6408 | D:8      | Found a snail-covered altar of Cheibriados.
  6567 | D:8      | Reached XP level 10. HP: 90/90 MP: 9/9
  6707 | D:8      | Found a staircase to the Lair.
  6789 | Lair:1   | Entered Level 1 of the Lair of Beasts
  6789 | Lair:1   | Noticed a cane toad
  6799 | Lair:1   | Killed a cane toad
  6800 | Lair:1   | Reached skill level 12 in Maces & Flails
  6800 | Lair:1   | Noticed a cane toad
  6808 | Lair:1   | Killed a cane toad
  6809 | Lair:1   | Reached skill level 1 in Throwing
  6885 | Lair:1   | Noticed an elephant
  6892 | Lair:1   | Reached skill level 1 in Evocations
  6895 | Lair:1   | Killed an elephant
  6987 | Lair:1   | Found an opulent altar of Gozag.
  7005 | Lair:1   | Noticed a skyshark
  7010 | Lair:1   | Killed a skyshark
  7011 | Lair:1   | Reached skill level 13 in Maces & Flails
  7375 | Lair:1   | Reached skill level 10 in Fighting
  7379 | Lair:1   | Reached XP level 11. HP: 99/99 MP: 10/10
  7561 | Lair:1   | Noticed Sonja
  7569 | Lair:1   | Killed Sonja
  7929 | Lair:1   | Reached skill level 14 in Maces & Flails
  8569 | Lair:2   | Reached skill level 10 in Armour
  8710 | Lair:2   | Reached ***** piety under Trog
  8905 | Lair:2   | Noticed a catoblepas
  8914 | Lair:2   | Killed a catoblepas
  9348 | Lair:2   | Reached XP level 12. HP: 108/111 MP: 11/11
  9355 | Lair:2   | Reached skill level 15 in Maces & Flails
  9542 | Lair:2   | Found a staircase to the Shoals.
  9682 | Lair:3   | Noticed Nessos
  9695 | Lair:3   | Shot with an arrow by Nessos

Illustrated notes

Levels and vault maps discovered:
D:1:      minmay_arrival_four_loops, layout_basic
D:2:      minmay_general_purpose_star, layout_basic
D:3:      layout_loops_cross, nicolae_gozag_cash_rules_everything_around_me,
          mainiacjoe_overflow_swirl, mainiacjoe_overflow_alcove_2
D:4:      layout_basic, minmay_temple_entry_hall, serial_bayou,
          serial_bayou_crossing, serial_bayou_pond_c, serial_bayou_pond_a,
          serial_bayou_pond_d, uniq_edmund, uniq_duvessa
D:5:      layout_layer_cave, nicolae_ru_the_path_less_chosen,
          kennysheep_generic_room_7
D:6:      layout_rooms, mainiacjoe_overflow_surrounded_room
D:7:      layout_gridville, yredelemnul_altar_generic, lemuel_tele_altar,
          mainiacjoe_overflow_boulevard, gammafunk_ghost_smash,
          nicolae_concentric_dashed_squares_wild, grunt_ministairs_11,
          kennysheep_diamond, kennysheep_cluttered_room
D:8:      layout_cave_pools, slow_altar_1, grunt_lair_entry_orc_guard_hut,
          serial_shops, nicolae_shop_rolled_up, grunt_decor_fettered
Lair:1:   layout_layer_cave, basic_altar, minmay_shattered_shrine,
          grunt_megastairs_4, uniq_sonja
Lair:2:   layout_gridlike, elwin_shoals_entry_rooms, uniq_amaemon
Lair:3:   layout_small_grid, alex1729_snake_entry_snake, serial_bayou_lagoon_a,
          minmay_hedge_maze, lemuel_fruit_tree, serial_bayou_shore_a,
          uniq_nessos, uniq_fannar, uniq_urug

Skill      XL: |  1  2  3  4  5  6  7  8  9 10 11 12 |
---------------+-------------------------------------+-----
Maces & Flails | 4 5 6 7 8 9 11 13 14 15 | 15.0
Fighting       | 4 5 6 7 8 10 11 | 11.9
Armour         | 3 5 6 7 9 11 | 11.4
Dodging        | 3 4 5 6 7 |  7.3
Stealth        | 1 2 |  2.5
Throwing       | 1 3 |  3.1
Evocations     | 1 |  1.2

Action                     |  1- 3 |  4- 6 |  7- 9 | 10-12 || total
---------------------------+-------+-------+-------+-------++-------
  Melee: Mace              |    49 |       |       |       ||    49
         Punch             |     3 |       |     7 |     3 ||    13
         Morningstar       |    30 |    56 |     8 |       ||    94
         Headbutt          |     5 |     8 |    33 |    95 ||   141
         Flail             |       |       |   158 |   288 ||   446
  Throw: Stone             |     4 |       |       |       ||     4
         Dart              |       |     1 |     1 |    15 ||    17
         Throwing net      |       |       |     1 |       ||     1
 Invoke: Berserk           |       |       |     1 |       ||     1
  Evoke: Wand              |       |       |     1 |     1 ||     2
    Use: Scroll            |     3 |     4 |     8 |     4 ||    19
         Potion            |     3 |     1 |     3 |     7 ||    14
 Armour: Animal skin       |    23 |       |       |       ||    23
         Ring mail         |     8 |    20 |    72 |       ||   100
         Scale mail        |       |       |    23 |       ||    23
         Plate armour      |       |       |     2 |   120 ||   122
  Dodge: Dodged            |    88 |    48 |   201 |   123 ||   460
